 Dungeon Crawl Stone Soup version 0.31-a0-986-g5e6e4ef867 (webtiles) character file.

Game seed: 8928359110515358331

49 Persephone the Chopper (level 3, -4/31 HPs)
             Began as a Minotaur Monk on Nov 7, 2023.
             Slain by a gnoll
             ... wielding a +0 halberd
              (14 damage)
             ... on level 4 of the Dungeon.
             The game lasted 00:01:04 (1157 turns).

Persephone the Chopper (Minotaur Monk)              Turns: 1157, Time: 00:01:05

Health: -4/31      AC:  4    Str: 17    XL:     3   Next: 51%
Magic:  2/2        EV: 12    Int:  7    God:
Gold:   65         SH:  0    Dex: 12    Spells: 2/2 levels left

rFire   . . .        a - +0 hand axe
rCold   . . .        d - orb {light}
rNeg    . . .        b - +0 robe
rPois   .            (helmet restricted)
rElec   .            (no cloak)
rCorr   .            l - +1 pair of gloves
SInv    .            (no boots)
Will    .....        (no amulet)
Stlth   +            (no ring)
HPRegen 0.25/turn    (no ring)
MPRegen 0.08/turn

%: no passive effects
@: glowing
A: horns 2, retaliatory headbutt
a: no special abilities


You were on level 4 of the Dungeon.
You visited 1 branch of the dungeon, and saw 3 of its levels.

You collected 65 gold pieces.

Inventory:

Hand Weapons
 a - a +0 hand axe (weapon)
Armour
 b - a +0 robe (worn)
 d - an orb of light (worn)
 l - a +1 pair of gloves (worn)
Scrolls
 f - 2 scrolls of revelation {unknown}
 g - a scroll of fog {unknown}
 h - a scroll of teleportation {unknown}
 i - a scroll of acquirement {unknown}
 j - a scroll of identify {unknown}
 k - a scroll of amnesia {unknown}
Potions
 c - 2 potions of ambrosia
 e - a potion of degeneration {unknown}
 m - a potion of curing {unknown}


   Skills:
 - Level 3.6 Fighting
 + Level 5.5 Axes
 - Level 3.2 Dodging


You had 2 spell levels left.
You didn't know any spells.
Your spell library contained the following spells:

 Spells                   Type           Power      Damage    Failure   Level
 Call Canine Familiar     Summ           0%         N/A       80%         3
 Sigil of Binding         Hex            0%         N/A       80%         3
 Dimensional Bullseye     Hex/Tloc       0%         N/A       99%         4
 Leda's Liquefaction      Hex/Erth       0%         N/A       99%         4
 Malign Gateway           Summ/Tloc      0%         N/A       100%        7
 Summon Horrible Things   Summ           0%         N/A       100%        8


Dungeon Overview and Level Annotations

Branches:
Dungeon (4/15)
 Temple: D:4-7

Altars:


Innate Abilities, Weirdness & Mutations

You have a pair of horns on your head.
You reflexively headbutt those who attack you in melee.


Message History

Monster found; Killing and exploring; Evalutating dangerous sitituation Getting closest target; Target found Lua - initiating combat actions on goblin || reach is 1 Lua - attempting to attack goblin You hit the goblin.
You kill the goblin!
Lua - done fight_enemy() Killing and exploring; No nearby monsters, exploring now You see here a +0 dagger.
You open the door.
There is an open door here.
A malevolent force fills the Dungeon...
You fall into a shaft and drop 2 floors!
The shaft crumbles and collapses.
You hear the sound of rushing water.
There is an entrance to a sewer on this level.
Hurry and find it before the portal rusts away!
Monster found x2; Killing and exploring; Evalutating dangerous sitituation Auto kill stopped - Too dangerous: Extremely Dangerous (0) Dangerous (2) Easy (0) Harmless (0) 2 gnolls come into view.
The gnoll shouts! x2
A gnoll comes into view. It is wielding a +0 halberd.
The gnoll barely misses you. You furiously retaliate!
You headbutt the gnoll.
There is a stone staircase leading up here.
The gnoll shouts!
You hit the gnoll. You headbutt the gnoll.
The gnoll is almost dead.
You hit the gnoll.
The gnoll is heavily wounded.
The gnoll hits you from afar with a +0 halberd!
You are too injured to fight recklessly!
You are too injured to fight recklessly!
You are too injured to fight recklessly!
You hit the gnoll but do no damage.
The gnoll is heavily wounded.
The gnoll hits you from afar with a +0 halberd!
The gnoll barely misses you.
You barely miss the gnoll. You headbutt the gnoll.
The gnoll is severely wounded.
The gnoll hits you from afar with a +0 halberd!
You die...

.## .. .....
.^. ..#.# ....
....# #
....##.#.#.#
.....#.#g#
...#gg.###
#.####.#@#...#
.$.........#
##.##....###.#
#.........#
......#######
#.#... .......
##.#.## #.#.


You could see 3 gnolls.

Vanquished Creatures
  A gnoll (D:1)
  An adder (D:2)
  A dart slug (D:1)
  A ball python (D:1)
  An endoplasm (D:2)
  A giant cockroach (D:1)
  5 goblins
  2 hobgoblins
  4 jackals (D:2)
  3 quokkas (D:1)
  2 bats (D:1)
  2 frilled lizards
  A rat (D:2)
25 creatures vanquished.

Notes
Turn   | Place    | Note
-------+----------+-------------------------------------------
     0 | D:1      | Persephone the Minotaur Monk began the quest for the Orb.
     0 | D:1      | Reached XP level 1. HP: 19/19 MP: 0/0
    74 | D:1      | Reached skill level 4 in Axes
   189 | D:1      | Reached XP level 2. HP: 26/26 MP: 1/1
   307 | D:1      | Reached skill level 5 in Axes
   464 | D:1      | Found a faded altar of an unknown god.
   762 | D:2      | Reached XP level 3. HP: 31/31 MP: 2/2
  1149 | D:2      | You fall into a shaft and drop 2 floors!
  1157 | D:4      | Slain by a gnoll

Illustrated notes

Levels and vault maps discovered:
D:1:      dpeg_arrival_concentric_ovals, layout_basic,
          shapermc_ecumenical_altar_hornbeckon, grunt_decor_fettered
D:2:      layout_loops_corners
D:4:      layout_basic, gup_sewer_entry_bubbles, serial_shops, shop,
          minmay_diced_spiral

Skill      XL: |  1  2 |
---------------+-------+-----
Axes           | 4 5 |  5.5
Fighting       | |  3.6
Dodging        | |  3.2

Action                     || total
---------------------------++-------
  Melee: Hand axe          ||    51
         Headbutt          ||    13
 Armour: Robe              ||    21
  Dodge: Dodged            ||    33

Table legend: (Time is in decaauts)
 A = Elapsed time spent in this place.
 B = Non-inter-level travel time spent in this place.
 C = Inter-level travel time spent in this place.
 D = Time resting spent in this place.
 E = Time spent auto-exploring this place.
 F = Levels seen in this place.
 G = Mean time per level.
                   A        B        C        D        E       F      G
               +--------+--------+--------+--------+--------+-----+--------+
         Total |   1166 |   1112 |     54 |      0 |    985 |   3 |  388.7 |
       Dungeon |   1166 |   1112 |     54 |      0 |    985 |   3 |  388.7 |
               +--------+--------+--------+--------+--------+-----+--------+

Top non-repeatable levels by time:
     D:1: 605 daAuts
     D:2: 553 daAuts
     D:4: 7 daAuts
